 Dungeon Crawl Stone Soup version 0.23.2-1-ga50397a (webtiles) character file.

Game seed: 10958153904597075629

748 doot the Digger (level 8, -5/53 HPs)
             Began as a Formicid Earth Elementalist on May 16, 2019.
             Shot with a sling bullet by Joseph (15 damage)
             ... on level 7 of the Dungeon.
             The game lasted 00:07:59 (3055 turns).

doot the Digger (Formicid Earth Elementalist)       Turns: 3055, Time: 00:08:00

Health: -5/53      AC:  3    Str: 13    XL:     8   Next: 6%
Magic:  6/17       EV: 12    Int: 17    God:
Gold:   31         SH:  0    Dex: 11    Spells: 10/19 levels left

rFire    . . .     SeeInvis +   f - -1 mace (curse)
rCold    . . .     Gourm    .   (no shield)
rNeg     . . .     Faith    .   c - +0 robe
rPois    .         Spirit   .   (helmet unavailable)
rElec    .         Reflect  .   (no cloak)
rCorr    .         Harm     .   h - +0 pair of gloves
MR       .....                  (no boots)
Stlth    ++........             (no amulet)
HPRegen  0.17/turn              (no ring)
MPRegen  0.15/turn              (no ring)

@: very slightly contaminated, lightly drained
A: permanent stasis, dig shafts and tunnels, four strong arms, antennae 3
a: Dig, Shaft Self


You were on level 7 of the Dungeon.
You were very hungry.

You visited 1 branch of the dungeon, and saw 7 of its levels.

You collected 252 gold pieces.
You spent 221 gold pieces at shops.

Inventory:

Hand Weapons
 f - a cursed -1 mace (weapon)
Missiles
 b - 75 stones (quivered)
Armour
 c - a +0 robe (worn)
 h - a +0 pair of gloves (worn)
 p - a +0 leather armour of cold resistance
Wands
 o - a wand of digging (3)
Scrolls
 a - 2 scrolls of teleportation
 i - a scroll of immolation {unknown}
 j - a scroll of magic mapping {unknown}
 n - 3 scrolls of remove curse
 q - a scroll of fear {unknown}
 r - a scroll of amnesia {unknown}
Potions
 k - 2 potions of haste
 l - a potion of magic {unknown}
 m - 3 potions of curing
 s - a potion of degeneration
 t - a potion of mutation
Comestibles
 d - 5 rations


   Skills:
 + Level 0.6(0.2) Fighting
 + Level 2.2(1.8) Dodging
 + Level 3.3(2.9) Stealth
 + Level 6.2(5.7) Spellcasting
 + Level 0.4(0.0) Conjurations
   Level 1.1(0.6) Transmutations
 + Level 7.2(6.7) Earth Magic


You had 10 spell levels left.
You knew the following spells:

 Your Spells              Type           Power        Failure   Level  Hunger
a - Sandblast             Erth           ####..       1%          1    None
b - Stone Arrow           Conj/Erth      ###...       10%         3    ##.....
c - Lee's Rapid Deconstr  Erth           ####......   22%         5    ######.

Your spell library contained the following spells:

 Spells                   Type           Power        Failure   Level  Hunger
 Passwall                 Tmut/Erth      ###.....     4%          2    #......
 Petrify                  Tmut/Erth      ###.....     28%         4    ####...


Dungeon Overview and Level Annotations

Branches:
Dungeon (6/15)
 Temple: D:4-7

Altars:
Ashenzari
Gozag
Nemelex Xobeh

Shops:
D:6 !}:(%

Annotations:
D:5 Grinder
D:7 Joseph, Menkaure


Innate Abilities, Weirdness & Mutations

You cannot be hasted, slowed, berserked, paralysed or teleported.
You can dig through walls and to a lower floor.
Your four strong arms can wield two-handed weapons with a shield.
You have a pair of large antennae on your head. (SInv)


Message History

Press: ? - help, Dir - move target cursor A rock wall.
The wall shatters!
The blast of rock fragments hits the bullfrog!
The bullfrog is almost dead.
The blast of rock fragments hits the bullfrog!
The bullfrog is severely wounded.
The blast of rock fragments hits the orc.
The orc is moderately wounded.
The blast of rock fragments hits the iguana.
The iguana is moderately wounded.
You are feeling very hungry.
The sentinel's mark upon you fades away.
The bullfrog misses you. The hog closely misses you.
The worker ant closely misses you.
The orc priest calls upon Beogh to heal the orc.
The orc's wounds heal themselves!
Joseph unwields a +0 quarterstaff.
Joseph wields a +0 hunting sling.
Joseph shoots a sling bullet.
The sling bullet hits you!
You die...

.... .#.#@#.. { {
#.#.?.#.. #..o. #{.
#...# #{# #.#####
#...# #{#
#......###...# #.#
#.......##.#.# #{#
#........@a#.# #.#
##......hh#Foh###{#
#.......hh##Fo##..#
#.......##lo#{.## {
#.......#l{MhZ##...
{#............hh....#
#.......#.......####
{#.......#.....#.# {
#.......#.....#.#


You could see Joseph, 4 hogs, Menkaure, 2 bullfrogs, an iguana, a hound, a
worker ant, an orc priest, 3 orcs, 3 jackals and a bullfrog skeleton.

Vanquished Creatures
  Eustachio (D:6)
  An ice beast (D:5)
  2 ogres (D:4)
  A wyvern zombie (D:7)
  A scorpion (D:4)
  An orc priest (D:5)
  A hound (D:4)
  An orc wizard (D:5)
  An iguana (D:4)
  Ijyb (D:5)
  A worker ant (D:5)
  3 adders
  An ooze (D:1)
  4 dart slugs
  A leopard gecko (D:6)
  3 orcs (D:5)
  2 bats (D:1)
  A giant cockroach (D:4)
  4 goblins
  6 hobgoblins
  5 jackals
  A quokka (D:4)
  2 ball pythons
  2 frilled lizards
  A kobold (D:3)
  2 rats
50 creatures vanquished.

Notes
Turn   | Place    | Note
-------+----------+-------------------------------------------
     0 | D:1      | doot the Formicid Earth Elementalist began the quest for
                  | the Orb.
     0 | D:1      | Reached XP level 1. HP: 13/13 MP: 3/3
    91 | D:1      | Reached XP level 2. HP: 19/19 MP: 0/5
   241 | D:1      | Reached skill level 4 in Earth Magic
   621 | D:1      | Reached XP level 3. HP: 24/24 MP: 4/6
   704 | D:1      | Learned a level 3 spell: Stone Arrow
  1187 | D:3      | Found a shattered altar of Ashenzari.
  1329 | D:4      | Found a sparkling altar of Nemelex Xobeh.
  1338 | D:4      | Reached skill level 5 in Earth Magic
  1338 | D:4      | Reached XP level 4. HP: 28/30 MP: 3/8
  1458 | D:4      | Found an opulent altar of Gozag.
  1494 | D:4      | Reached XP level 5. HP: 26/35 MP: 3/10
  1558 | D:4      | Learned a level 5 spell: Lee's Rapid Deconstruction
  1564 | D:4      | Noticed an ogre
  1858 | D:4      | Noticed an ogre
  1862 | D:4      | Killed an ogre
  1862 | D:4      | Reached XP level 6. HP: 42/42 MP: 2/12
  2109 | D:4      | Killed an ogre
  2109 | D:4      | Reached skill level 6 in Earth Magic
  2153 | D:5      | Entered Level 5 of the Dungeon
  2215 | D:5      | Noticed an ice beast
  2222 | D:5      | Killed an ice beast
  2222 | D:5      | Reached skill level 5 in Spellcasting
  2222 | D:5      | Reached XP level 7. HP: 47/47 MP: 7/14
  2541 | D:5      | Noticed Ijyb
  2551 | D:5      | Killed Ijyb
  2625 | D:5      | Noticed Grinder
  2752 | D:6      | Found Tauxokhla's Antique Weapon Emporium.
  2792 | D:6      | Noticed Eustachio
  2800 | D:6      | Killed Eustachio
  2800 | D:6      | Reached skill level 7 in Earth Magic
  2867 | D:6      | Found Fiogg's Food Shoppe.
  2894 | D:6      | Found Ceenwoq's Book Emporium.
  2962 | D:6      | Found Taleicw's Distillery.
  2970 | D:6      | Bought a potion of degeneration for 13 gold pieces
  2970 | D:6      | Bought a potion of heal wounds for 65 gold pieces
  2970 | D:6      | Bought a potion of curing for 39 gold pieces
  2970 | D:6      | Bought a potion of mutation for 104 gold pieces
  3011 | D:6      | Found Siatuut's Gadget Boutique.
  3011 | D:6      | You fall through a shaft!
  3017 | D:7      | Reached XP level 8. HP: 32/53 MP: 10/17
  3038 | D:7      | Noticed Menkaure
  3045 | D:7      | Noticed a hog
  3046 | D:7      | Noticed a hog
  3046 | D:7      | Noticed a human
  3047 | D:7      | Noticed a hog
  3049 | D:7      | Noticed a hog
  3054 | D:7      | Noticed Joseph
  3055 | D:7      | Shot with a sling bullet by Joseph

Skill      XL: |  1  2  3  4  5  6  7 |
---------------+----------------------+-----
Earth Magic    | 4 5 6 7 |  7.2
Dodging        | 2 |  2.2
Spellcasting   | 3 4 5 6 |  6.2
Stealth        | 3 |  3.3
Fighting       | |  0.6
Conjurations   | |  0.4
Transmutations | |  1.1

Action                   |  1- 3 |  4- 6 |  7- 9 || total
-------------------------+-------+-------+-------++-------
Melee: Mace              |     5 |       |     1 ||     6
       Unarmed           |     1 |       |       ||     1
 Cast: Sandblast         |    31 |    26 |    31 ||    88
       Stone Arrow       |     7 |     3 |     4 ||    14
       Lee's Rapid Decon |       |       |     4 ||     4
  Use: Scroll            |       |       |     3 ||     3
       Potion            |       |       |     2 ||     2
  Eat: Chunk             |     2 |     3 |     4 ||     9
Armor: Robe              |       |     3 |     4 ||     7
Dodge: Dodged            |    22 |     1 |    18 ||    41
